 Dungeon Crawl Stone Soup version 0.27-a0-366-g8badd94918 (webtiles) character file.

Game seed: 5171348408488009153

13871 jestyr24 the Grappler (level 11, -5/101 HPs)
             Began as a Troll Fighter on Feb 17, 2021.
             Was an Elder of Makhleb.
             Shot with an arrow by Nessos (14 damage)
             ... on level 14 of the Dungeon.
             The game lasted 00:49:17 (8675 turns).

jestyr24 the Grappler (Troll Fighter)               Turns: 8675, Time: 00:49:21

Health: -5/101     AC:  5    Str: 29    XL:     11   Next: 81%
Magic:  10/10      EV: 14    Int:  4    God:    Makhleb [****..]
Gold:   603        SH: 12    Dex: 15    Spells: 10/10 levels left

rFire    . . .     SeeInvis .     - Unarmed
rCold    + . .     Faith    .   b - +0 kite shield
rNeg     . . .     Spirit   .   a - +0 robe
rPois    .         Reflect  .   (helmet restricted)
rElec    .         Harm     .   n - +0 cloak
rCorr    .         Rampage  .   (gloves unavailable)
Will     .....                  (boots unavailable)
Stlth    +.........             G - amulet of regeneration
HPRegen  2.26/turn              r - ring of protection from cold
MPRegen  0.12/turn              K - +6 ring of dexterity

@: lethally poisoned (-5 -> -6), slowed, very slow
A: large, unfitting armour, claws 3, regeneration 1, shaggy fur 1, tough skin 1
a: Renounce Religion, Minor Destruction, Lesser Servant of Makhleb, Major
Destruction


You were on level 14 of the Dungeon.
You worshipped Makhleb.
Makhleb was greatly pleased with you.
You visited 2 branches of the dungeon, and saw 13 of its levels.

You collected 603 gold pieces.

Inventory:

Hand Weapons
 t - a +3 hand axe
Missiles
 d - 39 poisoned darts (quivered)
 f - 7 boomerangs
Armour
 a - a +0 robe (worn)
 b - a +0 kite shield (worn)
 n - a +0 cloak (worn)
 D - a +0 buckler
Jewellery
 r - a ring of protection from cold (left claw)
 A - an amulet of guardian spirit
 G - an amulet of regeneration (around neck)
 K - a +6 ring of dexterity (right claw)
Wands
 m - a wand of iceblast (9)
 w - a wand of digging (2)
 y - a wand of flame (20)
 I - a wand of random effects (18)
 J - a wand of paralysis (10)
 L - a wand of polymorph (9)
Scrolls
 e - 10 scrolls of identify
 g - a scroll of amnesia
 h - 3 scrolls of enchant armour {unknown}
 i - 3 scrolls of teleportation {unknown}
 k - a scroll of random uselessness {unknown}
 o - 6 scrolls of magic mapping {unknown}
 p - 2 scrolls of fear {unknown}
 s - 3 scrolls of enchant weapon {unknown}
 B - 2 scrolls of fog {unknown}
 E - 2 scrolls of immolation {unknown}
 M - a scroll of summoning {unknown}
Potions
 c - a potion of might
 j - 2 potions of heal wounds
 l - 2 potions of degeneration {unknown}
 q - a potion of attraction {unknown}
 u - 3 potions of flight {unknown}
 v - 3 potions of curing {unknown}
 x - 3 potions of mutation {unknown}
 z - a potion of resistance {unknown}
 C - 3 potions of brilliance {unknown}
 F - a potion of lignification {unknown}
 H - a potion of ambrosia {unknown}


   Skills:
 + Level 4.9 Fighting
 + Level 7.6 Dodging
 + Level 7.8 Shields
 + Level 13.6 Unarmed Combat


You had 10 spell levels left.
You didn't know any spells.
Your spell library contained the following spells:

 Spells                   Type           Power        Failure   Level
 Freeze                   Ice            0%           58%         1
 Frozen Ramparts          Ice            0%           91%         3
 Ozocubu's Armour         Ice            0%           91%         3
 Hailstorm                Conj/Ice       0%           100%        4
 Summon Ice Beast         Ice/Summ       0%           100%        4


Dungeon Overview and Level Annotations

Branches:
Dungeon (11/15)            Temple (1/1) D:6            Lair (0/6) D:9
    Orc: D:9-12

Altars:
Ashenzari
Cheibriados
Dithmenos
Elyvilon
Fedhas
Gozag
Hepliaklqana
Kikubaaqudgha
Makhleb
Nemelex Xobeh
Okawaru
Qazlal
Ru
Sif Muna
Trog
Uskayaw
Vehumet
Wu Jian
Xom
Yredelemnul
Zin
The Shining One

Annotations:
D:14 Nessos


Innate Abilities, Weirdness & Mutations

You are too large for most types of armour.
You have claws for hands.
Your natural rate of healing is unusually fast.
You are covered in fur. (AC +1)
You have tough skin. (AC +1)


Message History

You feel very sick.
The ufetubus barely misses your hellwing.
The ufetubus closely misses your hellwing.
The wraith barely misses you. The shadow hits your hellwing.
Your hellwing hits the kobold demonologist!
Your hellwing hits the kobold demonologist but does no damage.
You block the kobold brigand's attack.
The white imp hits you but does no damage.
The ufetubus hits your hellwing.
The ufetubus closely misses your hellwing.
You block the kobold brigand's attack.
The kobold demonologist hits your hellwing but does no damage.
The wraith hits you!
* * * LOW HITPOINT WARNING * * *
The wraith drains your vigour!
You feel as though you will be slow longer.
The shadow barely misses your hellwing.
Your hellwing hits the kobold demonologist!
The kobold demonologist dies!
Makhleb accepts your kill.
The crimson imp disappears in a puff of smoke!
The ufetubus disappears in a puff of smoke!
The white imp disappears in a puff of smoke!
The kobold brigand hits you with a +0 short sword.
* * * LOW HITPOINT WARNING * * *
The kobold brigand closely misses you.
You scratch the kobold brigand but do no damage.
You feel very sick. The centaur warrior skeleton hits you.
* * * LOW HITPOINT WARNING * * *
The wraith hits you!
* * * LOW HITPOINT WARNING * * *
The wraith drains your vigour!
You feel as though you will be slow longer.
The shadow hits your hellwing.
Your hellwing barely misses Nessos.
Your hellwing hits Nessos but does no damage.
You block the kobold brigand's attack.
Nessos wields a +1 longbow of flaming.
It bursts into flame!
Nessos shoots an arrow.
The arrow barely misses your hellwing. The arrow hits you!
You die...

......... .#
......... ..?
........# #...
........###..#.
...............
...............
......K)Z......
......)@K......
......W4W§.....
......c.)......
...........!.<.
...............
...............
...............
##.............


You could see Nessos (fast, ally target), a wraith, 2 kobold brigands, a shadow,
a centaur warrior skeleton and a friendly hellwing (summoned).

Vanquished Creatures
  A boulder beetle (D:9)
  A two-headed ogre (D:10)
  3 death yaks (D:9)
  Pikel (D:8)
  A kobold demonologist (D:14)
  A troll (D:10)
  A wraith (D:10)
  Sigmund (D:3)
  15 yaks
  3 water moccasins
  An acid dragon (D:8)
  4 orc warriors
  6 ice beasts
  7 sky beasts
  2 black bears
  2 necrophages (D:8)
  5 ogres
  6 centaurs
  A lemure (D:8)
  2 phantoms
  A gnoll sergeant (D:8)
  A wyvern zombie (D:6)
  5 bullfrogs
  A water moccasin zombie (D:6)
  A water moccasin skeleton (D:11)
  5 scorpions
  10 killer bees
  12 wights
  2 howler monkeys (D:6)
  2 quasits
  2 centaur zombies
  5 orc priests
  2 bullfrog skeletons (D:9)
  10 hounds
  5 jellies
  A centaur skeleton (D:6)
  Jessica (D:3)
  3 iguanas
  11 orc wizards
  10 worker ants
  2 hound skeletons (D:5)
  Robin (D:3)
  A worker ant zombie (D:10)
  3 gnolls (D:8)
  6 adders
  2 river rats (D:9)
  A white imp (D:6)
  5 ufetubi
  An adder zombie (D:7)
  An adder skeleton (D:9)
  A worm (D:3)
  2 dart slugs (D:1)
  2 leopard geckos
  43 orcs
  4 giant cockroaches
  14 goblins
  8 hobgoblins
  14 jackals
  6 quokkas
  10 bats
  6 frilled lizards
  8 kobolds
  2 kobold zombies (D:4)
  A leopard gecko zombie (D:5)
  A quokka skeleton (D:7)
  11 rats
310 creatures vanquished.

Vanquished Creatures (collateral kills)
  A kobold demonologist (D:14)
  2 kobolds (D:14)
3 creatures vanquished.

Vanquished Creatures (others)
  A howler monkey (D:4)
1 creature vanquished.

Grand Total: 314 creatures vanquished

Notes
Turn   | Place    | Note
-------+----------+-------------------------------------------
     0 | D:1      | jestyr24 the Troll Fighter began the quest for the Orb.
     0 | D:1      | Reached XP level 1. HP: 22/22 MP: 0/0
   208 | D:1      | Reached XP level 2. HP: 27/29 MP: 1/1
  1041 | D:2      | Reached XP level 3. HP: 36/36 MP: 2/2
  1167 | D:2      | Found a sparkling altar of Nemelex Xobeh.
  1791 | D:3      | Reached XP level 4. HP: 44/44 MP: 3/3
  1799 | D:3      | Reached skill level 3 in Unarmed Combat
  2035 | D:3      | Reached XP level 5. HP: 50/50 MP: 4/4
  2107 | D:3      | Noticed a sky beast
  2114 | D:3      | Killed a sky beast
  2115 | D:3      | Reached skill level 4 in Unarmed Combat
  2132 | D:3      | Noticed Sigmund
  2145 | D:3      | Killed Sigmund
  2146 | D:3      | Reached skill level 5 in Unarmed Combat
  2146 | D:3      | Reached XP level 6. HP: 50/59 MP: 5/5
  2181 | D:3      | Noticed Robin
  2193 | D:3      | Killed Robin
  2432 | D:3      | Noticed Jessica
  2569 | D:3      | Killed Jessica
  2628 | D:4      | Reached XP level 7. HP: 63/67 MP: 6/6
  2682 | D:4      | Noticed a human
  2683 | D:4      | Found a runed translucent door.
  2687 | D:4      | Found a basalt altar of Yredelemnul.
  2727 | D:4      | Reached skill level 6 in Unarmed Combat
  3313 | D:5      | Entered Level 5 of the Dungeon
  3330 | D:5      | Reached skill level 7 in Unarmed Combat
  3330 | D:5      | Reached XP level 8. HP: 45/75 MP: 4/7
  3693 | D:5      | Reached skill level 8 in Unarmed Combat
  4535 | D:6      | Found a staircase to the Ecumenical Temple.
  4541 | D:6      | Reached skill level 5 in Dodging
  4541 | D:6      | Reached XP level 9. HP: 83/83 MP: 8/8
  4545 | Temple   | Entered the Ecumenical Temple
  4678 | Temple   | Became a worshipper of Makhleb the Destroyer
  4746 | D:6      | Reached skill level 9 in Unarmed Combat
  5098 | D:6      | Reached skill level 5 in Shields
  5601 | D:7      | Reached * piety under Makhleb
  5680 | D:7      | Reached skill level 10 in Unarmed Combat
  6250 | D:7      | Reached XP level 10. HP: 37/93 MP: 9/9
  6758 | D:8      | Noticed Pikel
  6761 | D:8      | Reached ** piety under Makhleb
  6783 | D:8      | Killed Pikel
  6799 | D:8      | Reached skill level 11 in Unarmed Combat
  6999 | D:8      | Found a shimmering altar of Xom.
  7422 | D:9      | Noticed a death yak
  7441 | D:9      | Killed a death yak
  7477 | D:9      | Found a hide-covered altar of Uskayaw.
  7478 | D:9      | Noticed a boulder beetle
  7479 | D:9      | Found an ornate altar of the Wu Jian Council.
  7494 | D:9      | Killed a boulder beetle
  7495 | D:9      | Reached skill level 12 in Unarmed Combat
  7566 | D:9      | Noticed a death yak
  7566 | D:9      | Noticed a death yak
  7582 | D:9      | Reached *** piety under Makhleb
  7597 | D:9      | Killed a death yak
  7598 | D:9      | Reached XP level 11. HP: 73/101 MP: 10/10
  7622 | D:9      | Killed a death yak
  7652 | D:9      | Found a staircase to the Lair.
  8039 | D:10     | Entered Level 10 of the Dungeon
  8251 | D:10     | Reached skill level 13 in Unarmed Combat
  8329 | D:10     | Noticed a two-headed ogre
  8341 | D:10     | Killed a two-headed ogre
  8366 | D:10     | Reached **** piety under Makhleb
  8660 | D:11     | You fall into a shaft and drop 3 floors!
  8665 | D:14     | Noticed Nessos
  8675 | D:14     | Shot with an arrow by Nessos

Illustrated notes

Levels and vault maps discovered:
D:1:      denvon_arrival_planthouse, layout_basic
D:2:      layout_loops_cross, nemelex_xobeh_ov_fountains_minmay
D:3:      layout_loops_ring, uniq_jessica, uniq_robin, uniq_sigmund
D:4:      layout_loops_cross, hangedman_decor_growths, dk_yredelemnul_ordeal
D:5:      layout_cave_pods
D:6:      layout_cave_pods, minmay_temple_entry_enclosed_plants
D:7:      layout_layer_cave, minmay_misc_feat_chi
D:8:      layout_rooms, basic_altar, uniq_pikel
D:9:      layout_rooms, dpeg_lair_monsters, nzn_masters_of_martial_movement
D:10:     layout_roguey
D:11:     layout_big_octagon, serial_shops,
          nicolae_shop_temple_entry_statues_fountains
D:14:     layout_rooms, grunt_vaults_entry_tiered, uniq_nessos
Temple:   regret_index_temple_sigil_plot

Skill      XL: |  1  2  3  4  5  6  7  8  9 10 11 |
---------------+----------------------------------+-----
Dodging        | 3 4 5 6 7 |  7.6
Unarmed Combat | 3 5 7 8 10 12 13 | 13.6
Shields        | 3 4 5 7 |  7.8
Fighting       | 3 4 |  4.9

Action                   |  1- 3 |  4- 6 |  7- 9 | 10-12 || total
-------------------------+-------+-------+-------+-------++-------
Melee: Unarmed           |   145 |   123 |   365 |   434 ||  1067
Invok: Lesser Servant of |       |       |       |     1 ||     1
  Use: Scroll            |       |       |     2 |       ||     2
       Potion            |       |       |       |     2 ||     2
 Stab: Sleeping          |       |       |       |     1 ||     1
Armor: Robe              |    48 |    32 |    69 |    38 ||   187
Dodge: Dodged            |    53 |    31 |   115 |   145 ||   344
Block: Kite shield       |    72 |    42 |   161 |   211 ||   486

Table legend: (Time is in decaauts)
 A = Elapsed time spent in this place.
 B = Non-inter-level travel time spent in this place.
 C = Inter-level travel time spent in this place.
 D = Time resting spent in this place.
 E = Time spent auto-exploring this place.
 F = Levels seen in this place.
 G = Mean time per level.
                   A        B        C        D        E       F      G
               +--------+--------+--------+--------+--------+-----+--------+
         Total |   8641 |   8309 |    332 |    285 |   4578 |  13 |  664.7 |
       Dungeon |   8484 |   8174 |    310 |    285 |   4514 |  12 |  707.0 |
        Temple |    156 |    134 |     22 |      0 |     64 |   1 |  156.0 |
               +--------+--------+--------+--------+--------+-----+--------+

Top non-repeatable levels by time:
     D:7: 1186 daAuts
     D:6: 1079 daAuts
     D:1: 996 daAuts
     D:5: 975 daAuts
     D:3: 896 daAuts
     D:9: 767 daAuts
     D:4: 749 daAuts
     D:2: 743 daAuts
    D:10: 518 daAuts
     D:8: 478 daAuts
  Temple: 156 daAuts
    D:11: 76 daAuts
    D:14: 14 daAuts
